IL
INDIANAPOLIS INDIANS @ ROCHESTER RED WINGS
09/12/2068
 
TOP OF THE 1ST
Indianapolis Indians batting - Pitching for Rochester Red Wings : RHP Zack Gilbert
Pitching: RHP Zack Gilbert
Batting: LHB Nick Simmons 0-0: Ball
1-0: Ball
2-0: Ground out U3 (Groundball, 3, EV 106.9 MPH)
Batting: RHB Victor Robles 0-0: Ball
1-0: Ball
2-0: Swinging Strike
2-1: Swinging Strike
2-2: Foul Ball, location: 2F
2-2: SINGLE (Groundball, 56D, EV 98.8 MPH)
Batting: LHB Antonio Valdes 0-0: Ball
Victor Robles steals 2nd base (no throw)
1-0: Fly out, F8 (Flyball, 78XD, EV 94.4 MPH)
Runner from 2nd tags up, SAFE at 3rd, no throw by CF
Batting: LHB Chris Tittle 0-0: Swinging Strike
0-1: Ball
1-1: SINGLE (Groundball, 4MD, EV 98.1 MPH)
Victor Robles scores
Batting: LHB Ignacio Valverde 0-0: Called Strike
0-1: Foul Ball, location: 2F
Pickoff Throw to First - Out! 1-3
Top of the 1st over - 1 run, 2 hits, 0 errors, 0 left on base; Indianapolis 1 - Rochester 0
BOTTOM OF THE 1ST
Rochester Red Wings batting - Pitching for Indianapolis Indians : RHP Felix Leiva
Pitching: RHP Felix Leiva
Batting: RHB Shawn Evans 0-0: Ball
1-0: Called Strike
1-1: Foul Ball, location: 2F
1-2: Foul Ball, location: 2F
1-2: Strikes out swinging
Batting: SHB Brady Nagle 0-0: Foul Ball, location: 2F
0-1: Ball
1-1: SINGLE (Line Drive, 8LS, EV 98.8 MPH)
Batting: RHB Jason Sloan 0-0: Fly out, F8 (Flyball, 8LXD, EV 77.5 MPH)
Batting: RHB William Ortiz 0-0: Ball
1-0: Called Strike
1-1: Foul Ball, location: 2F
1-2: Fly out, F8 (Flyball, 8RS, EV 91.2 MPH)
Bottom of the 1st over - 0 runs, 1 hit, 0 errors, 1 left on base; Indianapolis 1 - Rochester 0
TOP OF THE 2ND
Indianapolis Indians batting - Pitching for Rochester Red Wings : RHP Zack Gilbert
Batting: LHB Ignacio Valverde 0-0: Foul Ball, location: 2F
0-1: Ball
1-1: Foul Ball, location: 2F
1-2: Strikes out looking
Batting: SHB Luis Cabral 0-0: Ball
1-0: Ball
2-0: SINGLE (Groundball, 4MD, EV 101.2 MPH)
Batting: RHB Rafael Bordayo 0-0: Called Strike
0-1: Fielders Choice at 2nd, 6-4 (Groundball, 6, EV 101.2 MPH)
Batting: LHB Chris Underwood 0-0: Called Strike
0-1: Ball
Wild Pitch!
Rafael Bordayo to second
1-1: Ball
2-1: Ball
3-1: Ground out 5-3 (Groundball, 56, EV 99.4 MPH)
Top of the 2nd over - 0 runs, 1 hit, 0 errors, 1 left on base; Indianapolis 1 - Rochester 0
BOTTOM OF THE 2ND
Rochester Red Wings batting - Pitching for Indianapolis Indians : RHP Felix Leiva
Batting: LHB Leo Aragon 0-0: Foul Ball, location: 2F
0-1: Foul Ball, location: 2F
0-2: Ball
1-2: Ground out U3 (Groundball, 34, EV 86.2 MPH)
Batting: RHB Jonathan Fralish 0-0: Ball
1-0: Ball
2-0: Called Strike
2-1: Ground out 1-3 (Groundball, 13, EV 61.2 MPH)
Batting: SHB Alex Perez 0-0: Called Strike
0-1: SOLO HOME RUN (Flyball, 9D, EV 95.6 MPH), Distance : 371 ft
Batting: RHB Steven Barnes 0-0: Ball
1-0: Ball
2-0: Ball
3-0: Called Strike
3-1: Fly out, F9 (Flyball, 89M, EV 79.4 MPH)
Bottom of the 2nd over - 1 run, 1 hit, 0 errors, 0 left on base; Indianapolis 1 - Rochester 1
TOP OF THE 3RD
Indianapolis Indians batting - Pitching for Rochester Red Wings : RHP Zack Gilbert
Batting: RHB Jerry Lewis 0-0: Ground out 6-3 (Groundball, 6, EV 88.1 MPH)
Batting: LHB Nick Simmons 0-0: Ball
1-0: Foul Ball, location: 2F
1-1: Ball
2-1: Foul Ball, location: 2F
2-2: Foul Ball, location: 2F
2-2: Foul Ball, location: 2F
2-2: Ground out 4-3 (Groundball, 34, EV 95.6 MPH)
Batting: RHB Victor Robles 0-0: Ball
1-0: Ball
2-0: Ball
3-0: Called Strike
3-1: Called Strike
3-2: SINGLE (Groundball, 6MD, EV 95.6 MPH)
Batting: LHB Antonio Valdes 0-0: Called Strike
0-1: Ball
1-1: Ball
2-1: SINGLE (Groundball, 34D, EV 101.2 MPH)
Victor Robles to second
Runner from 2nd tries for 3rd, SAFE, throw by RF made to third
Batting: LHB Chris Tittle 0-0: Swinging Strike
0-1: Ball
1-1: Ball
2-1: Ground out 4-3 (Groundball, 4, EV 88.1 MPH)
Top of the 3rd over - 0 runs, 2 hits, 0 errors, 2 left on base; Indianapolis 1 - Rochester 1
BOTTOM OF THE 3RD
Rochester Red Wings batting - Pitching for Indianapolis Indians : RHP Felix Leiva
Batting: RHB Bryan Welsh 0-0: Foul Ball, location: 2F
0-1: Foul Ball, location: 2F
0-2: Fly out, F8 (Flyball, 8LS, EV 85.6 MPH)
Batting: RHB Shawn Evans 0-0: Foul Ball, location: 2F
0-1: Foul Ball, location: 2F
0-2: Foul Ball, location: 2F
0-2: SINGLE (Groundball, 6MD, EV 103.8 MPH)
Batting: SHB Brady Nagle 0-0: Called Strike
0-1: Ball
1-1: Ball
Shawn Evans steals 2nd base
2-1: Ball
3-1: Swinging Strike
3-2: Strikes out swinging
Batting: RHB Jason Sloan 0-0: SINGLE (Groundball, 56D, EV 96.9 MPH)
Shawn Evans to third
Runner from 3rd tries for Home, SAFE, throw by LF to home
Batting: RHB William Ortiz 0-0: Called Strike
0-1: Ball
1-1: Ball
2-1: Swinging Strike
2-2: Fielders Choice at 2nd, 6-4 (Groundball, 6, EV 83.1 MPH)
Bottom of the 3rd over - 1 run, 2 hits, 0 errors, 1 left on base; Indianapolis 1 - Rochester 2
TOP OF THE 4TH
Indianapolis Indians batting - Pitching for Rochester Red Wings : RHP Zack Gilbert
Batting: LHB Ignacio Valverde 0-0: Ball
1-0: Ground out 4-3 (Groundball, 34, EV 102.5 MPH)
Batting: SHB Luis Cabral 0-0: Foul Ball, location: 2F
0-1: Swinging Strike
0-2: Ball
1-2: Strikes out swinging
Batting: RHB Rafael Bordayo 0-0: Swinging Strike
0-1: Ground out 6-3 (Groundball, 6, EV 79.4 MPH)
Top of the 4th over - 0 runs, 0 hits, 0 errors, 0 left on base; Indianapolis 1 - Rochester 2
BOTTOM OF THE 4TH
Rochester Red Wings batting - Pitching for Indianapolis Indians : RHP Felix Leiva
Batting: LHB Leo Aragon 0-0: Ball
1-0: Ground out 5-3 (Groundball, 56, EV 86.9 MPH)
Batting: RHB Jonathan Fralish 0-0: Ball
1-0: Ball
2-0: Called Strike
2-1: Foul Ball, location: 2F
2-2: Ball
3-2: Foul Ball, location: 2F
3-2: Single, Error in OF, E7, batter to second base (Line Drive, 5D, EV 95.6 MPH)
Batting: SHB Alex Perez 0-0: Ball
Jonathan Fralish is caught stealing 3rd base 2-5
1-0: Foul Ball, location: 2F
1-1: Called Strike
1-2: Ball
2-2: Foul Ball, location: 2F
2-2: Ball
3-2: Foul Ball, location: 2F
3-2: Base on Balls
Batting: RHB Steven Barnes 0-0: Called Strike
Alex Perez steals 2nd base
0-1: Ball
1-1: Hit by Pitch
Batting: RHB Bryan Welsh 0-0: Called Strike
0-1: Ball
1-1: Fielders Choice at 2nd, 5-4 (Groundball, 56, EV 88.1 MPH)
Bottom of the 4th over - 0 runs, 1 hit, 1 error, 2 left on base; Indianapolis 1 - Rochester 2
TOP OF THE 5TH
Indianapolis Indians batting - Pitching for Rochester Red Wings : RHP Zack Gilbert
Batting: LHB Chris Underwood 0-0: Foul Ball, location: 2F
0-1: Ball
1-1: Ball
2-1: Swinging Strike
2-2: Strikes out swinging
Batting: RHB Jerry Lewis 0-0: Ground out 5-3 (Groundball, 56S, EV 68.1 MPH)
Batting: LHB Nick Simmons 0-0: Foul Ball, location: 2F
0-1: Fly out, F6 (Popup, 6M, EV 66.2 MPH)
Top of the 5th over - 0 runs, 0 hits, 0 errors, 0 left on base; Indianapolis 1 - Rochester 2
BOTTOM OF THE 5TH
Rochester Red Wings batting - Pitching for Indianapolis Indians : RHP Felix Leiva
Batting: RHB Shawn Evans 0-0: Called Strike
0-1: Ground out 3-1 (Groundball, 34, EV 88.1 MPH)
Batting: SHB Brady Nagle 0-0: Ball
1-0: Ball
2-0: Foul Ball, location: 2F
2-1: Ball
3-1: DOUBLE (Line Drive, 78M, EV 98.1 MPH)
Batting: RHB Jason Sloan 0-0: Called Strike
0-1: Ball
1-1: Foul Ball, location: 2F
1-2: Ball
2-2: SINGLE (Groundball, 6MD, EV 101.9 MPH)
Brady Nagle to third
Runner from 3rd tries for Home, throw by CF and OUT! 8-2
Jason Sloan to second
Batting: RHB William Ortiz 0-0: Foul Ball, location: 2F
0-1: Ball
1-1: Foul Ball, location: 2F
1-2: Strikes out swinging
Bottom of the 5th over - 0 runs, 2 hits, 0 errors, 1 left on base; Indianapolis 1 - Rochester 2
TOP OF THE 6TH
Indianapolis Indians batting - Pitching for Rochester Red Wings : RHP Zack Gilbert
Batting: RHB Victor Robles 0-0: Foul Ball, location: 2F
0-1: SINGLE (Groundball, 6MD, EV 110.6 MPH)
Batting: LHB Antonio Valdes 0-0: Fielders Choice at 2nd, 6-4 (Groundball, 6, EV 81.9 MPH)
Batting: LHB Chris Tittle 0-0: Ball
1-0: Foul Ball, location: 2F
1-1: Foul Ball, location: 2F
1-2: Ball
2-2: Foul Ball, location: 2F
2-2: Fly out, F7 (Flyball, 7S, EV 95.6 MPH)
Batting: LHB Ignacio Valverde 0-0: Ball
1-0: Ball
2-0: Called Strike
2-1: Ground out U3 (Groundball, 3, EV 90.6 MPH)
Top of the 6th over - 0 runs, 1 hit, 0 errors, 1 left on base; Indianapolis 1 - Rochester 2
BOTTOM OF THE 6TH
Rochester Red Wings batting - Pitching for Indianapolis Indians : RHP Felix Leiva
Batting: LHB Leo Aragon 0-0: Called Strike
0-1: Foul Ball, location: 2F
0-2: Foul Ball, location: 2F
0-2: Strikes out looking
Batting: RHB Jonathan Fralish 0-0: Ball
1-0: Ball
2-0: Swinging Strike
2-1: Ball
3-1: DOUBLE (Groundball, 5L, EV 102.5 MPH)
Batting: SHB Alex Perez 0-0: Foul Ball, location: 2F
0-1: Ground out U3 (Groundball, 34, EV 88.1 MPH)
Jonathan Fralish to third
Batting: RHB Steven Barnes 0-0: Foul Ball, location: 2F
0-1: Swinging Strike
0-2: Ball
1-2: Foul Ball, location: 2F
1-2: Ball
2-2: Foul Ball, location: 2F
2-2: Strikes out swinging
Bottom of the 6th over - 0 runs, 1 hit, 0 errors, 1 left on base; Indianapolis 1 - Rochester 2
TOP OF THE 7TH
Indianapolis Indians batting - Pitching for Rochester Red Wings : RHP Zack Gilbert
Batting: SHB Luis Cabral 0-0: DOUBLE (Flyball, 8LXD, EV 108.8 MPH)
Batting: RHB Rafael Bordayo 0-0: Ball
1-0: Bunt missed!
1-1: Ball
2-1: Bunt missed!
2-2: Strikes out swinging
Batting: LHB Chris Underwood 0-0: Fly out, F7 (Flyball, 7LM, EV 109.4 MPH)
Pinch Hitting: LHB Mike Welch 0-0: Ball
1-0: Called Strike
1-1: Foul Ball, location: 2F
1-2: Ball
2-2: Ground out U3 (Groundball, 34, EV 84.4 MPH)
Top of the 7th over - 0 runs, 1 hit, 0 errors, 1 left on base; Indianapolis 1 - Rochester 2
BOTTOM OF THE 7TH
Rochester Red Wings batting - Pitching for Indianapolis Indians : RHP Felix Leiva
Now at SS: Jared Charest
Batting: RHB Bryan Welsh 0-0: Ball
1-0: Swinging Strike
1-1: Ground out 1-3 (Groundball, 34S, EV 68.8 MPH)
Batting: RHB Shawn Evans 0-0: Ball
1-0: Called Strike
1-1: Foul Ball, location: 2F
1-2: SINGLE (Groundball, 56S, EV 75.6 MPH) (infield hit)
Pitching: RHP Tony Aldana
Batting: SHB Brady Nagle 0-0: Foul Ball, location: 2F
0-1: Ball
Shawn Evans steals 2nd base (no throw)
1-1: SINGLE (Groundball, 6S, EV 76.2 MPH) (infield hit)
Shawn Evans to third
Batting: RHB Jason Sloan 0-0: Ball
Brady Nagle steals 2nd base
1-0: DOUBLE (Groundball, 5D, EV 94.4 MPH)
Shawn Evans scores
Brady Nagle scores
Batting: RHB William Ortiz 0-0: Called Strike
0-1: Swinging Strike
0-2: Ball
1-2: Ball
2-2: Ground out 4-3 (Groundball, 34D, EV 101.2 MPH)
Jason Sloan to third
Batting: LHB Leo Aragon 0-0: Ball
1-0: Swinging Strike
1-1: Ball
2-1: Fly out, F8 (Flyball, 8RM, EV 93.8 MPH)
Bottom of the 7th over - 2 runs, 3 hits, 0 errors, 1 left on base; Indianapolis 1 - Rochester 4
TOP OF THE 8TH
Indianapolis Indians batting - Pitching for Rochester Red Wings : RHP Zack Gilbert
Batting: LHB Nick Simmons 0-0: Called Strike
0-1: Called Strike
0-2: Strikes out swinging
Batting: RHB Victor Robles 0-0: Swinging Strike
0-1: Swinging Strike
0-2: Foul Ball, location: 2F
0-2: Hit by Pitch
Pitching: LHP Alex Ortiz
Batting: LHB Antonio Valdes 0-0: Ball
1-0: Called Strike
1-1: Ball
2-1: Foul Ball, location: 2F
2-2: Strikes out swinging
Batting: LHB Chris Tittle 0-0: Ball
1-0: Foul Ball, location: 2F
1-1: Ball
2-1: 2-RUN HOME RUN (Flyball, 89XD, EV 100.6 MPH), Distance : 395 ft
Batting: LHB Ignacio Valverde 0-0: Fly out, F5 (Popup, 5F, EV 78.1 MPH)
Top of the 8th over - 2 runs, 1 hit, 0 errors, 0 left on base; Indianapolis 3 - Rochester 4
BOTTOM OF THE 8TH
Rochester Red Wings batting - Pitching for Indianapolis Indians : RHP Tony Aldana
Batting: RHB Jonathan Fralish 0-0: Fly out, F7 (Flyball, 78S, EV 85.0 MPH)
Batting: SHB Alex Perez 0-0: SOLO HOME RUN (Flyball, 9D, EV 100.0 MPH), Distance : 385 ft
Batting: RHB Steven Barnes 0-0: Foul Ball, location: 2F
0-1: SOLO HOME RUN (Flyball, 78XD, EV 106.2 MPH), Distance : 408 ft
Pitching: RHP Jorge Aldava
Batting: RHB Bryan Welsh 0-0: Swinging Strike
0-1: Ball
1-1: Swinging Strike
1-2: Fly out, F4 (Line Drive, 4, EV 73.8 MPH)
Batting: RHB Shawn Evans 0-0: Ball
1-0: Ball
2-0: Foul Ball, location: 2F
2-1: Foul Ball, location: 2F
2-2: Strikes out swinging, 2-3 out at first.
Bottom of the 8th over - 2 runs, 2 hits, 0 errors, 0 left on base; Indianapolis 3 - Rochester 6
TOP OF THE 9TH
Indianapolis Indians batting - Pitching for Rochester Red Wings : LHP Alex Ortiz
Batting: SHB Luis Cabral 0-0: Foul Ball, location: 2F
0-1: Foul Ball, location: 2F
0-2: Strikes out swinging
Batting: RHB Rafael Bordayo 0-0: Called Strike
0-1: Called Strike
0-2: Ball
1-2: Ball
2-2: Ball
3-2: Strikes out looking
Batting: LHB Chris Underwood 0-0: Ball
1-0: Swinging Strike
1-1: Swinging Strike
1-2: Strikes out swinging
Top of the 9th over - 0 runs, 0 hits, 0 errors, 0 left on base; Indianapolis 3 - Rochester 6
Sunday, June 20th , 2021 - OOTP Baseball 22.6 Build 56